 Dungeon Crawl Stone Soup version 0.20.0-15-g7f486f2 (webtiles) character file.

16881 Nails the Brawler (level 12, -1/118 HPs)
             Began as a Troll Berserker on June 29, 2017.
             Was a High Priest of Trog.
             Slain by a torpor snail (16 damage)
             ... on level 2 of the Lair of Beasts on June 30, 2017.
             The game lasted 01:16:20 (10126 turns).

Nails the Brawler (Troll Berserker)                Turns: 10126, Time: 01:16:21

Health: -1/118     AC:  8    Str: 32    XL:     12   Next: 14%
Magic:  11/11      EV: 10    Int:  3    God:    Trog [*****.]
Gold:   653        SH:  0    Dex:  9    Spells: 11/11 levels left

rFire    . . .     SeeInvis .     - Unarmed
rCold    . . .     Gourm    +   (no shield)
rNeg     . . .     Faith    .   s - +0 robe
rPois    +         Spirit   .   v - +2 hat
rElec    .         Reflect  .   w - +0 cloak
rCorr    .         Harm     .   (gloves unavailable)
MR       ++...                  (boots unavailable)
Stlth    +.........             (no amulet)
Regen    1.7/turn               D - ring of poison resistance
MPRegen  0.2/turn               (no ring)

@: regenerating, slowed, very slow
A: unfitting armour, claws 3, fast metabolism 3, gourmand, regeneration 1,
shaggy fur 1, tough skin 2
a: Berserk, Trog's Hand, Brothers in Arms, Burn Spellbooks, Renounce Religion


You were on level 2 of the Lair of Beasts.
You worshipped Trog.
Trog was extremely pleased with you.
You were very full.

You visited 2 branches of the dungeon, and saw 12 of its levels.

You collected 653 gold pieces.

Inventory:

Hand Weapons
 a - a +0 hand axe
 u - a +2 quarterstaff of chaos
 A - a +0 hand axe of flaming
Armour
 b - a +0 animal skin
 s - a +0 robe (worn)
 v - a +2 hat (worn)
 w - a +0 cloak (worn)
Magical Staves
 Q - an uncursed staff of energy
Jewellery
 j - an uncursed ring of stealth
 n - an uncursed ring of ice
 o - an uncursed ring of wizardry
 r - an uncursed amulet of magic regeneration
 D - a ring of poison resistance (left claw)
Wands
 d - a wand of paralysis (4/24)
 x - a wand of iceblast (15/15)
 E - a wand of confusion (9/48)
 O - a wand of digging (11/24)
 V - a wand of flame (30/48)
 W - a wand of disintegration (12/24)
Scrolls
 f - 5 scrolls of remove curse
 g - 2 scrolls of random uselessness {unknown}
 h - 5 scrolls of teleportation
 k - 2 scrolls of magic mapping {unknown}
 m - 3 scrolls of acquirement {unknown}
 p - 6 scrolls of recharging
 t - a scroll of immolation {unknown}
 y - 2 scrolls of fog {unknown}
 B - 5 scrolls of enchant weapon {unknown}
 C - a scroll of summoning {unknown}
 G - 3 scrolls of identify
 N - 2 scrolls of vulnerability {unknown}
Potions
 l - 2 potions of might
 z - 2 potions of cancellation
 F - 2 potions of resistance {unknown}
 H - a potion of degeneration {unknown}
 J - 2 potions of berserk rage
 K - 2 potions of agility
 L - a potion of flight
 M - a potion of curing {unknown}
 R - a potion of lignification
 S - a potion of ambrosia {unknown}
 T - a potion of haste {unknown}
Miscellaneous
 U - a lightning rod (4/4)
Comestibles
 c - 6 bread rations
 i - 6 meat rations
 q - 11 royal jellies
 I - 18 fruits


   Skills:
 * Level 7.1 Fighting
 - Level 2.4 Axes
 - Level 2.4 Dodging
 + Level 17.1 Unarmed Combat


You had 11 spell levels left.
You didn't know any spells.

Dungeon Overview and Level Annotations

Branches:
Dungeon (10/15)            Temple (0/1) D:4            Lair (2/6) D:10
  Swamp: Lair:2-4    Shoals: Lair:2-4     Snake: Lair:2-4    Spider: Lair:2-4
    Orc: D:9-12

Altars:
Fedhas
Makhleb
Ru
The Shining One

Shops:
D:7 ?


Innate Abilities, Weirdness & Mutations

You are too large for most types of armour.
You have claws for hands.
Your metabolism is lightning-fast.
You like to eat raw meat.
Your natural rate of healing is unusually fast.
You are covered in fur. (AC +1)
You have very tough skin. (AC +2)


Message History

You feel much better. The dream sheep bites you!
* * * LOW HITPOINT WARNING * * *
The dream sheep bites you!
* * * LOW HITPOINT WARNING * * *
The dream sheep closely misses you.
Your troll bites the dream sheep!!
The dream sheep dies!
Trog accepts your kill. The dream sheep misses you. The dream sheep bites you!
* * * LOW HITPOINT WARNING * * *
Okay, then.
Okay, then.
Your skin crawls.
You feel resistant to hostile enchantments.
You feel somewhat less full.
The rime drake bites you but does no damage.
Your troll bites the torpor snail!
Your troll claws the torpor snail. x2
The dream sheep bites you.
* * * LOW HITPOINT WARNING * * *
The rime drake barely misses you. The torpor snail bites you!
You die...

............#
#...........#
#...........# P..
##..........##...
#..............#
#...........#
#..>†.......#
#....YwT..##
##...Y@..#.#
###.k....#
###..<.# ###..#
P...# ##P..#
###.. ... #...


You could see a torpor snail, a rime drake, 2 dream sheep and a friendly troll
(berserk).

Vanquished Creatures
  5 two-headed ogres
  The ghost of renl the Cleaver, a novice HOMo of Okawaru (D:7)
  An unseen horror (D:10)
  Maurice (D:8)
  The ghost of chaoswolf the Chopper, a novice DsBe of Trog (D:5)
  A komodo dragon (Lair:1)
  The ghost of Shadostepz the Magician, a novice DEIE (D:4)
  Prince Ribbit (D:9)
  3 dream sheep
  4 hippogriffs
  A vampire (D:10)
  2 yaks (D:8)
  A hungry ghost (D:8)
  Grum (D:10)
  Menkaure (D:6)
  Edmund (D:6)
  5 water moccasins (Lair:1)
  A porcupine (Lair:1)
  4 ice beasts
  3 sky beasts
  7 orc warriors
  A necrophage (D:10)
  A black bear (D:8)
  6 ogres
  A phantom (D:4)
  3 wolves (D:10)
  8 centaurs
  2 crocodiles (Lair:1)
  4 big kobolds
  10 bullfrogs
  9 scorpions
  A wyvern skeleton (D:7)
  20 killer bees
  A water moccasin skeleton (D:8)
  17 wights
  2 howler monkeys
  4 crimson imps
  A quasit (D:8)
  2 centaur zombies
  3 jellies
  4 hounds
  A bullfrog skeleton (D:4)
  4 orc priests
  2 centaur skeletons
  Crazy Yiuf (D:3)
  Natasha (thrice) (D:3)
  5 iguanas
  8 orc wizards
  8 worker ants
  A hound skeleton (D:9)
  3 gnolls (D:4)
  A howler monkey skeleton (D:5)
  14 adders
  4 shadow imps
  An ooze (D:3)
  An adder skeleton (D:5)
  2 worms
  4 dart slugs
  7 leopard geckos
  30 orcs
  9 giant cockroaches
  5 goblins
  6 hobgoblins
  9 jackals
  8 quokkas
  2 ball pythons
  12 bats
  7 frilled lizards
  23 kobolds
  A leopard gecko zombie (D:8)
  7 rats
335 creatures vanquished.

Vanquished Creatures (collateral kills)
  A hydra (D:8)
  A two-headed ogre (D:9)
  A dream sheep (Lair:2)
  An ogre (D:9)
  A big kobold (D:8)
5 creatures vanquished.

Vanquished Creatures (others)
  A fungus (D:5)
1 creature vanquished.

Grand Total: 341 creatures vanquished

Notes
Turn   | Place    | Note
-------+----------+-------------------------------------------
     0 | D:1      | Nails the Troll Berserker began the quest for the Orb.
     0 | D:1      | Reached XP level 1. HP: 22/22 MP: 0/0
   168 | D:1      | Reached XP level 2. HP: 29/29 MP: 1/1
   259 | D:1      | Reached skill level 1 in Unarmed Combat
   596 | D:2      | Reached XP level 3. HP: 36/36 MP: 2/2
   647 | D:2      | Reached skill level 2 in Unarmed Combat
   693 | D:2      | Reached ** piety under Trog
   955 | D:2      | Reached XP level 4. HP: 31/45 MP: 3/3
  1285 | D:3      | Reached skill level 3 in Unarmed Combat
  1286 | D:3      | Noticed a sky beast
  1305 | D:3      | Killed a sky beast
  1305 | D:3      | Reached skill level 4 in Unarmed Combat
  1305 | D:3      | Reached XP level 5. HP: 26/53 MP: 4/4
  1564 | D:3      | Reached skill level 5 in Unarmed Combat
  1566 | D:3      | Reached XP level 6. HP: 52/61 MP: 5/5
  1596 | D:3      | Found a runed door.
  1683 | D:3      | Noticed Natasha
  1703 | D:3      | Killed Natasha
  1772 | D:3      | Noticed Natasha
  1778 | D:3      | Killed Natasha
  1994 | D:3      | Reached skill level 6 in Unarmed Combat
  2087 | D:3      | Noticed Natasha
  2092 | D:3      | Killed Natasha
  2243 | D:3      | Noticed Crazy Yiuf
  2247 | D:3      | Killed Crazy Yiuf
  2294 | D:4      | Reached *** piety under Trog
  2327 | D:4      | Reached XP level 7. HP: 51/67 MP: 6/6
  2374 | D:4      | Found a staircase to the Ecumenical Temple.
  2462 | D:4      | Reached skill level 7 in Unarmed Combat
  2764 | D:4      | Reached skill level 8 in Unarmed Combat
  2765 | D:4      | Noticed Shadostepz's ghost (novice DEIE)
  2775 | D:4      | Killed Shadostepz's ghost
  2775 | D:4      | Reached XP level 8. HP: 32/76 MP: 7/7
  2778 | D:4      | Reached skill level 9 in Unarmed Combat
  3242 | D:5      | Entered Level 5 of the Dungeon
  3291 | D:5      | Noticed chaoswolf's ghost (novice DsBe)
  3301 | D:5      | Killed chaoswolf's ghost
  3479 | D:5      | Reached skill level 10 in Unarmed Combat
  3909 | D:5      | Found a burning altar of Makhleb.
  4142 | D:5      | Reached skill level 11 in Unarmed Combat
  4142 | D:5      | Reached XP level 9. HP: 84/84 MP: 8/8
  4362 | D:6      | Noticed a two-headed ogre
  4366 | D:6      | Killed a two-headed ogre
  4366 | D:6      | Reached skill level 12 in Unarmed Combat
  4558 | D:6      | Noticed Edmund
  4570 | D:6      | Killed Edmund
  4651 | D:6      | Noticed a cyan ugly thing
  4711 | D:6      | Noticed Menkaure
  4716 | D:6      | Killed Menkaure
  4899 | D:6      | Reached **** piety under Trog
  4988 | D:6      | Reached skill level 13 in Unarmed Combat
  5530 | D:7      | Noticed renl's ghost (novice HOMo)
  5531 | D:7      | Found Ihega's Magic Scroll Emporium.
  5547 | D:7      | Killed renl's ghost
  5547 | D:7      | Reached XP level 10. HP: 37/93 MP: 9/9
  6016 | D:7      | Found a sacrificial altar of Ru.
  6032 | D:7      | Reached skill level 14 in Unarmed Combat
  6386 | D:8      | Reached skill level 5 in Fighting
  6456 | D:8      | Noticed a two-headed ogre
  6462 | D:8      | Killed a two-headed ogre
  6525 | D:8      | Found a glowing golden altar of the Shining One.
  6553 | D:8      | Found a blossoming altar of Fedhas.
  6586 | D:8      | HP: 1/96 [killer bee (5)]
  6593 | D:8      | HP: 4/96 [poisoned by a killer bee]
  6843 | D:8      | Noticed a two-headed ogre
  6850 | D:8      | Killed a two-headed ogre
  6850 | D:8      | Reached skill level 15 in Unarmed Combat
  6851 | D:8      | Noticed Maurice
  6856 | D:8      | Killed Maurice
  6856 | D:8      | Reached XP level 11. HP: 87/104 MP: 10/10
  6995 | D:8      | Reached ***** piety under Trog
  7493 | D:8      | Noticed a three-headed hydra
  7506 | D:8      | Killed a six-headed hydra
  7981 | D:9      | Noticed Prince Ribbit
  7991 | D:9      | Killed Prince Ribbit
  8162 | D:9      | Noticed a two-headed ogre
  8163 | D:9      | Noticed a two-headed ogre
  8170 | D:9      | HP: 4/105 [two-headed ogre/giant club (2)]
  8193 | D:9      | Killed a two-headed ogre
  8193 | D:9      | Killed a two-headed ogre
  8513 | D:9      | Reached skill level 16 in Unarmed Combat
  8515 | D:9      | Noticed a two-headed ogre
  8525 | D:9      | Killed a two-headed ogre
  8713 | D:10     | Entered Level 10 of the Dungeon
  8990 | D:10     | Noticed Grum
  8999 | D:10     | Killed Grum
  9541 | D:10     | Killed an unseen horror
  9584 | D:10     | Found a staircase to the Lair.
  9595 | Lair:1   | Entered Level 1 of the Lair of Beasts
  9601 | Lair:1   | Reached XP level 12. HP: 103/115 MP: 11/11
  9756 | Lair:1   | Reached skill level 17 in Unarmed Combat
 10126 | Lair:2   | Slain by a torpor snail

Skill      XL: |  1  2  3  4  5  6  7  8  9 10 11 12 |
---------------+-------------------------------------+-----
Unarmed Combat | 1 2 4 5 6 8 11 13 15 16 17 | 17.1
Fighting       | 3 4 5 6 7 |  7.1
Axes           | |  2.4
Dodging        | |  2.4

Action                   |  1- 3 |  4- 6 |  7- 9 | 10-12 || total
-------------------------+-------+-------+-------+-------++-------
Melee: Unarmed           |   107 |   117 |   246 |   417 ||   887
       Hand axe          |     2 |       |       |       ||     2
       Punch             |     2 |     1 |    14 |    25 ||    42
Invok: Berserk           |       |     1 |     6 |     6 ||    13
       Trog's Hand       |       |       |     3 |     8 ||    11
       Brothers in Arms  |       |       |       |     4 ||     4
       Burn Spellbooks   |       |       |       |     1 ||     1
  Use: Scroll            |     2 |     1 |     6 |     5 ||    14
       Potion            |       |       |       |    12 ||    12
 Stab: Sleeping          |       |       |     1 |     2 ||     3
  Eat: Chunk             |    14 |    13 |    35 |    56 ||   118
Armor: Animal skin       |    61 |       |       |       ||    61
       Robe              |       |    26 |    85 |   117 ||   228
Dodge: Dodged            |    86 |    48 |   111 |   221 ||   466
